 Dungeon Crawl Stone Soup version 0.26.1-2-gb8aa6d0cf2 (webtiles) character file.

Game seed: 15223665621612048253

36 H0rd4k the Charlatan (level 3, -4/26 HPs)
             Began as a Human Artificer on Feb 25, 2021.
             Slain by an iguana (7 damage)
             ... on level 4 of the Dungeon.
             The game lasted 00:01:37 (1601 turns).

H0rd4k the Charlatan (Human Artificer)              Turns: 1601, Time: 00:01:38

Health: -4/26      AC:  4    Str: 13    XL:     3   Next: 57%
Magic:  3/3        EV: 11    Int: 11    God:
Gold:   119        SH:  0    Dex: 13    Spells: 2/2 levels left

rFire    . . .     SeeInvis .   j - +3 short sword (speed)
rCold    . . .     Faith    .   (no shield)
rNeg     . . .     Spirit   .   b - +0 leather armour
rPois    .         Reflect  .   (no helmet)
rElec    .         Harm     .   (no cloak)
rCorr    .         Rampage  .   (no gloves)
Will     .....                  g - +0 pair of boots (curse)
Stlth    +.........             (no amulet)
HPRegen  0.08/turn              (no ring)
MPRegen  0.08/turn              (no ring)

@: slowed, very slow
A: no striking features
a: no special abilities


You were on level 4 of the Dungeon.
You visited 1 branch of the dungeon, and saw 4 of its levels.

You collected 119 gold pieces.

Inventory:

Hand Weapons
 a - a +0 club
 j - a +3 short sword of speed (weapon)
Armour
 b - a +0 leather armour (worn)
 g - a cursed +0 pair of boots (worn)
Wands
 c - a wand of flame (14) (quivered)
 d - a wand of enslavement (13)
 e - a wand of random effects (15)
Scrolls
 f - 2 scrolls of identify {unknown}
 h - 2 scrolls of teleportation {unknown}
 i - a scroll of enchant weapon {unknown}
 m - a scroll of remove curse {unknown}
 n - a scroll of enchant armour {unknown}
Potions
 k - 2 potions of flight


   Skills:
 + Level 1.4 Fighting
 + Level 0.7 Short Blades
 + Level 2.3 Armour
 + Level 1.0 Dodging
 + Level 1.1 Stealth
 + Level 3.7 Evocations


You had 2 spell levels left.
You didn't know any spells.
Your spell library was empty.

Dungeon Overview and Level Annotations

Branches:
Dungeon (4/15)
 Temple: D:4-7

Altars:

Shops:
D:4 :

Annotations:
D:2 Robin


Message History

You hit the orc but do no damage.
The orc is almost dead.
The orc hits you with a +0 flail.
* * * LOW HITPOINT WARNING * * *
Your orc wizard hits the orc with a cursed +0 dagger.
The orc dies!
You hit the orc.
You kill the orc!
The orc closely misses you.
Your orc wizard casts a spell at the iguana.
The magic dart hits the iguana.
The orc misses you. The iguana closely misses you.
The iguana hisses menacingly.
The orc hits you with a +0 short sword.
* * * LOW HITPOINT WARNING * * *
Your orc wizard casts a spell at the orc.
The magic dart hits the orc!
The orc dies!
The iguana bites you!
You die...

###### #.##.###
###......######
#........##.).###
##.......##...l@.#
##....o...o)...#.##
.#.##.)...$....#..^
....#.........####..
............### ....
#...##.###..#. ###
##............
#.........)..#
............##


You could see an iguana and a friendly orc wizard (charmed).

Vanquished Creatures
  A worm (D:2)
  An orc (D:4)
  4 goblins
  5 hobgoblins
  3 jackals (D:1)
  A quokka (D:4)
  2 bats (D:1)
  4 frilled lizards (D:1)
  4 kobolds
  2 rats
27 creatures vanquished.

Vanquished Creatures (collateral kills)
  2 orcs (D:4)
2 creatures vanquished.

Vanquished Creatures (others)
  An orc wizard (D:4)
1 creature vanquished.

Grand Total: 30 creatures vanquished

Notes
Turn   | Place    | Note
-------+----------+-------------------------------------------
     0 | D:1      | H0rd4k the Human Artificer began the quest for the Orb.
     0 | D:1      | Reached XP level 1. HP: 15/15 MP: 1/1
   622 | D:1      | Reached XP level 2. HP: 20/21 MP: 2/2
  1000 | D:1      | Reached XP level 3. HP: 24/26 MP: 3/3
  1214 | D:2      | Noticed Robin
  1240 | D:4      | Found Bugeal's Book Shop.
  1601 | D:4      | Slain by an iguana

Illustrated notes

Levels and vault maps discovered:
D:1:      ebering_hopf_link, layout_loops_corners
D:2:      layout_rooms, nicolae_overflow_hidden_temple,
          grunt_decor_mini_mirrors, uniq_robin, uniq_sigmund
D:3:      minmay_razor_zed, layout_loops_ring, tgw_trog,
          minmay_misc_feat_enclosed, chequers_serial_rivers_large_a
D:4:      kennysheep_big_flooded_room, layout_cave_pools, zin_angel,
          nemelex_xobeh_ov_fountains_minmay, serial_shops, kennysheep_mini,
          nicolae_shop_trees

Action                   || total
-------------------------++-------
Melee: Club              ||    33
       Short sword       ||    43
Evoke: Wand              ||     3
  Use: Potion            ||     2
Armor: Leather armour    ||    23
Dodge: Dodged            ||    55
